Map: [ESL] Oceanborn

Players

XYXY (XY) - Winner!

  • Race: Terran Terran
  • Spawn Location: 11:00

Oriana

  • Race: Terran Terran
  • Spawn Location: 5:00

Event: ESL SC2 Masters 2023 Winter (Regional)

VOD

Have the link to the VOD?

Description

Time

  • Played on: Oct. 27, 2023, 8 a.m.
  • Length: 13:32

All games in this series

Show
View Real Time Build Order
Export as new Build Order

XYXY Terran - Winner!

Build Orders: Cyclone Opening 

Get SALT Encoding   

  12  0:00  SCV  
  13  0:12  SCV  
  14  0:17  Supply Depot  
  14  0:24  SCV  
  15  0:38  SCV  
  15  0:40  Barracks  
  16  0:43  Refinery  
  16  0:50  SCV  
  16  0:52  Refinery  
  17  1:03  SCV  
  18  1:15  SCV  
  19  1:27  Orbital Command, Reaper  
  20  1:33  Supply Depot  
  20  1:42  Factory  
  20  1:53  SCV  
  21  1:59  Reaper  
  22  2:05  SCV  
  23  2:15  Command Center  
  23  2:17  SCV  
  24  2:27  Cyclone  
  24  2:29  SCV  
  27  2:32  Barracks Reactor  
  27  2:41  SCV  
  27  2:42  Supply Depot  
  28  2:52  Starport  
  28  2:54  SCV  
  29  3:06  SCV  
  29  3:10  Marine  
  29  3:11  Marine  
  34  3:13  Factory Tech Lab  
  34  3:18  SCV  
  34  3:19  Bunker  
  32  3:27  Orbital Command, Refinery  
  32  3:30  Starport Tech Lab, SCV  
  36  3:34  Siege Tank  
  36  3:42  SCV  
  36  3:44  Marine  
  36  3:45  Marine  
  39  3:52  Raven  
  39  3:54  SCV x2  
  43  4:06  SCV x2  
  45  4:11  Siege Tank  
  45  4:13  Supply Depot  
  48  4:17  Interference Matrix  
  48  4:18  SCV x2  
  50  4:25  Supply Depot  
  50  4:30  SCV  
  50  4:31  SCV  
  52  4:32  Raven  
  54  4:39  Marine x2  
  54  4:42  SCV  
  54  4:43  SCV  
  58  4:48  Siege Tank  
  61  4:55  SCV x2  
  61  4:56  Command Center, Marine  
  61  4:57  Marine  
  65  5:04  Refinery  
  65  5:05  Supply Depot  
  65  5:06  Raven  
  68  5:07  SCV  
  68  5:09  SCV  
  68  5:15  Marine  
  68  5:16  Supply Depot, Marine  
  70  5:26  Siege Tank, SCV x2  
  70  5:27  Supply Depot  
  77  5:38  SCV x2  
  77  5:48  Barracks, Starport Reactor  
  77  5:50  Barracks, Stimpack, SCV x2  
  77  5:51  Marine  
  77  5:55  Engineering Bay  
  79  5:58  Siege Tank  
  79  6:02  SCV  
  79  6:03  SCV  
  77  6:08  Marine  
  78  6:15  SCV x2  
  74  6:26  Marine  
  74  6:28  SCV  
  74  6:30  Siege Tank  
  74  6:31  Viking x2  
  74  6:32  SCV  
  70  6:36  Orbital Command  
  68  6:40  Barracks Reactor, Marine x2  
  68  6:43  SCV  
  68  6:44  Marine  
  70  6:48  Terran Infantry Weapons Level 1  
  70  6:50  SCV  
  70  6:51  Engineering Bay  
  68  6:55  SCV  
  68  6:58  Marine  
  67  7:02  SCV x2  
  67  7:07  SCV  
  65  7:14  SCV x2  
  67  7:17  Orbital Command  
  67  7:19  Siege Tank, SCV  
  71  7:24  Terran Infantry Armor Level 1  
  71  7:27  SCV  
  71  7:28  Marine x2  
  71  7:29  Combat Shield, Marine x3  
  75  7:31  SCV  
  78  7:39  Medivac  
  78  7:40  Medivac, SCV  
  78  7:44  SCV  
  84  7:45  SCV  
  84  7:46  Marine x2  
  84  7:49  Supply Depot, Marine x2  
  84  7:50  Marine  
  90  7:52  SCV  
  90  7:55  Barracks  
  90  7:56  SCV  
  90  7:57  Barracks  
  92  8:04  Marine  
  93  8:06  Siege Tank  
  93  8:09  Marine  
  93  8:10  Marine  
  93  8:11  Marine  
  93  8:12  SCV  
  100  8:19  Medivac  
  94  8:20  Medivac  
  94  8:23  Marine  
  94  8:24  Marine  
  98  8:28  SCV x2  
  98  8:29  Marine x3  
  98  8:32  SCV  
  104  8:35  Supply Depot  
  104  8:38  Siege Tank  
  104  8:40  SCV x2  
  109  8:41  Marine x2  
  109  8:44  SCV  
  109  8:46  Marine x2  
  114  8:48  Marine  
  114  8:52  SCV  
  114  8:53  Barracks Reactor  
  114  8:54  Barracks Reactor  
  114  8:55  Armory, SCV  
  117  8:56  SCV  
  117  8:59  Refinery x2  
  117  9:00  Supply Depot  
  118  9:04  SCV  
  118  9:05  Marine  
  118  9:07  SCV  
  118  9:09  SCV  
  122  9:10  Siege Tank  
  122  9:11  Sensor Tower  
  125  9:18  Marine  
  125  9:21  Marine  
  106  9:31  Marine x3  
  94  9:42  Siege Tank, Marine x3  
  94  9:43  Marine x2  
  94  9:45  Marine  
  100  9:46  SCV  
  100  9:48  Terran Infantry Weapons Level 2  
  100  9:49  Marine  
  100  9:51  SCV x2  
  100  9:55  Marine x2  
  100  9:57  Command Center  
  102  10:00  Marine x2  
  102  10:03  Marine  
  102  10:04  Marine  
  102  10:06  SCV x2  
  110  10:07  Marine  
  110  10:09  Medivac x2  
  110  10:11  Command Center  
  113  10:16  Marine x4  
  105  10:23  Marine x2  
  105  10:24  Siege Tank, Marine  
  105  10:27  SCV x2  
  104  10:31  SCV  
  104  10:34  Terran Vehicle Weapons Level 1  
  105  10:39  SCV x2  
  105  10:40  Factory, Medivac x2  
  105  10:41  Marine x2  
  105  10:42  Marine  
  112  10:46  Barracks Reactor  
  112  10:50  Terran Infantry Armor Level 2  
  112  10:53  Marine x3  
  112  10:55  Marine  
  112  10:56  Siege Tank, Marine  
  120  10:59  Marine  
  120  11:00  Marine x2  
  123  11:10  Orbital Command  
  123  11:11  Marine x2  
  124  11:12  Marine  
  124  11:16  Marine  
  124  11:18  Marine, Medivac x2  
  120  11:20  SCV x2  
  120  11:21  SCV  
  120  11:22  Marine  
  127  11:26  Planetary Fortress  
  127  11:28  Siege Tank  
  127  11:30  Sensor Tower  
  129  11:32  SCV  
  129  11:33  SCV x2  
  129  11:34  Sensor Tower  
  129  11:35  Siege Tank, Marine x2  
  129  11:36  Marine x2  
  129  11:39  SCV  
  139  11:45  SCV  
  137  11:51  Marine x2  
  139  11:57  Marine x3  
  139  11:58  Marine  
  143  12:03  Missile Turret, Marine  
  139  12:09  Supply Depot, Marine x2  
  139  12:10  Marine x3  
  139  12:14  Siege Tank  
  139  12:15  Siege Tank, Marine x4  
  151  12:21  Marine  
  144  12:27  Marine x2  
  144  12:28  Marine x3  
  147  12:33  Marine x4  
  147  12:34  Starport x2  
  151  12:39  Marine  
  151  12:44  Viking x2, Marine  
  154  12:46  Siege Tank  
  154  12:47  Siege Tank  
  154  12:49  Command Center  
  161  12:55  Marine  
  161  12:56  Marine  
  161  12:58  Marine x2  
  166  13:04  Marine x3  
  167  13:11  Marine  
  167  13:12  Marine x2  
  167  13:13  Marine x2  
Show
View Real Time Build Order
Export as new Build Order

Oriana Terran 

Build Orders: Cyclone Opening, Gas First Reaper Expand 

Get SALT Encoding   

  12  0:00  SCV  
  13  0:12  SCV  
  14  0:17  Supply Depot  
  14  0:24  SCV  
  15  0:30  Refinery  
  15  0:38  SCV  
  16  0:44  Barracks  
  16  0:50  SCV  
  17  1:02  SCV  
  18  1:15  SCV  
  19  1:31  Orbital Command, Reaper  
  20  1:41  Command Center  
  20  1:51  Factory  
  20  1:56  SCV  
  21  2:04  Supply Depot  
  21  2:08  SCV  
  21  2:09  Barracks Reactor  
  21  2:13  Refinery  
  22  2:20  SCV  
  23  2:32  SCV  
  23  2:46  SCV  
  23  2:49  Cyclone x2  
  27  2:58  SCV  
  28  3:10  SCV  
  28  3:11  Starport  
  27  3:17  Barracks Tech Lab  
  27  3:23  SCV  
  27  3:26  Cyclone  
  30  3:28  Orbital Command, Cyclone  
  32  3:35  SCV  
  33  3:45  Refinery  
  33  3:47  SCV  
  34  3:54  SCV  
  35  3:58  Banshee  
  35  3:59  SCV  
  39  4:06  Marine x2  
  39  4:08  SCV  
  42  4:10  Interference Matrix, Factory Tech Lab  
  42  4:13  SCV  
  42  4:14  Supply Depot  
  43  4:20  SCV  
  44  4:26  Marine x2  
  46  4:36  Siege Tank, SCV x2  
  49  4:46  Supply Depot  
  49  4:47  Raven  
  49  4:49  SCV  
  49  4:51  SCV  
  49  4:52  Command Center  
  53  4:56  Supply Depot  
  52  5:01  SCV  
  52  5:04  SCV  
  54  5:10  Siege Tank  
  57  5:15  SCV  
  57  5:16  SCV  
  57  5:19  Marine x2  
  61  5:23  Raven  
  61  5:28  SCV x2  
  65  5:36  Supply Depot  
  65  5:37  Marine x2  
  65  5:40  SCV x2  
  69  5:50  Supply Depot  
  69  5:54  SCV  
  70  5:58  Siege Tank, SCV, Marine x2  
  76  6:08  SCV  
  76  6:10  SCV  
  69  6:13  Raven  
  69  6:14  Orbital Command  
  60  6:26  SCV x2  
  60  6:27  Marine x2  
  58  6:38  Siege Tank, SCV x2  
  62  6:45  Barracks  
  62  6:46  Barracks  
  62  6:47  SCV  
  62  6:50  SCV  
  62  6:52  SCV  
  62  6:53  Engineering Bay  
  65  6:54  Refinery  
  65  6:55  Engineering Bay  
  65  6:59  SCV, Marine  
  65  7:00  Viking  
  69  7:03  SCV  
  69  7:04  SCV  
  68  7:10  Stimpack  
  68  7:11  Viking, SCV  
  68  7:15  Orbital Command, SCV  
  72  7:16  SCV  
  72  7:17  Siege Tank  
  72  7:20  Marine  
  77  7:23  Terran Infantry Weapons Level 1, Terran Infantry Armor Level 1  
  77  7:27  SCV  
  78  7:36  Barracks Reactor  
  78  7:39  Supply Depot, SCV x2  
  78  7:40  Barracks, SCV  
  78  7:41  Barracks, Barracks Reactor  
  78  7:43  Viking  
  78  7:44  Supply Depot  
  83  7:45  Viking  
  85  7:51  Marine  
  85  7:53  SCV x2  
  85  7:54  SCV  
  85  7:55  Siege Tank  
  92  8:05  SCV x2  
  94  8:06  SCV  
  94  8:11  Marine  
  96  8:17  SCV x2  
  96  8:18  SCV  
  96  8:19  Viking x2, Marine  
  96  8:20  Marine x3  
  97  8:31  Barracks Reactor  
  97  8:32  Barracks Reactor, SCV x3  
  99  8:35  Siege Tank  
  99  8:39  Marine x5  
  106  8:54  SCV x3  
  109  8:57  Combat Shield, Refinery x2  
  109  8:59  Armory, Marine x5  
  114  9:10  Medivac  
  114  9:11  Marine  
  117  9:19  Marine  
  96  9:26  Marine x2  
  96  9:28  Marine x4  
  83  9:33  Marine x2  
  83  9:37  Marine  
  72  9:42  Siege Tank  
  72  9:45  SCV x3  
  69  9:48  Marine  
  69  9:49  Marine x4  
  74  9:52  Terran Infantry Weapons Level 2  
  74  9:53  Terran Infantry Armor Level 2  
  74  9:55  Marine x4  
  74  9:59  SCV x3  
  81  10:04  Terran Vehicle Weapons Level 1  
  81  10:06  Marine x2  
  81  10:07  Marine  
  83  10:11  SCV x2  
  83  10:12  SCV  
  87  10:19  Marine x3  
  84  10:23  SCV x2  
  84  10:25  SCV  
  84  10:26  Siege Tank  
  88  10:33  Marine x5  
  88  10:34  Marine  
  94  10:35  SCV  
  94  10:36  SCV  
  94  10:37  SCV, Marine  
  94  10:40  Medivac  
  94  10:41  Marine x2  
  102  10:47  Supply Depot  
  102  10:49  Medivac  
  102  10:51  SCV x3  
  102  10:52  Marine  
  102  10:55  Marine x3  
  109  11:08  Siege Tank, Supply Depot, Marine x2  
  109  11:10  Marine x3  
  95  11:21  Marine x3  
  95  11:24  SCV x2  
  95  11:25  SCV  
  96  11:30  Marine x4  
  100  11:33  Marine x2  
  100  11:37  Command Center  
  102  11:45  Siege Tank  
  102  11:46  Marine x2  
  106  11:52  Medivac  
  106  11:53  Barracks x2, Medivac  
  109  11:54  Barracks  
  109  11:57  Marine x5  
  109  12:00  Marine x2  
  116  12:01  SCV x2  
  116  12:04  Marine  
  119  12:09  SCV  
  119  12:11  Marine, Supply Depot  
  119  12:14  Marine  
  119  12:15  Marine  
  106  12:30  Siege Tank, Medivac x2  
  106  12:32  SCV x3  
  116  12:41  Marine x3  
  115  12:46  Marine  
  115  12:47  Marine x5  
  121  12:56  Marine x2  
  123  12:59  Marine x3  
  123  13:04  Marine  
  123  13:05  Marine  
  125  13:10  Marine x3  
Tags
 
Add a new tag
Caveats
  • Supply blocks, unpowered buildings, or Contaminate may cause inaccurate times.
  • Supply counts are checked every 10 seconds.